 Dungeon Crawl Stone Soup version 0.21-a0-529-g8c7b3f5 (webtiles) character file.

8142 tof the Archer (level 11, -3/92 HPs)
             Began as a Centaur Hunter on Dec 9, 2017.
             Was an Elder of Okawaru.
             Hit by a large rock thrown by a cyclops (31 damage)
             ... on level 9 of the Dungeon.
             The game lasted 00:38:03 (15617 turns).

tof the Archer (Centaur Hunter)                    Turns: 15617, Time: 00:38:04

Health: -3/92      AC: 17    Str: 15 (16) XL:     11   Next: 6%
Magic:  14/14      EV:  7    Int: 12      God:    Okawaru [****..]
Gold:   680        SH:  0    Dex: 12      Spells: 6/10 levels left

rFire    + . .     SeeInvis .   a - +1 shortbow
rCold    . . .     Gourm    +   (shield currently unavailable)
rNeg     . . .     Faith    .   h - +2 chain mail {MR+}
rPois    .         Spirit   .   (no helmet)
rElec    .         Reflect  .   s - +0 cloak
rCorr    .         Harm     .   (no gloves)
MR       +....                  (no barding)
Stlth    ..........             P - amulet of the gourmand
HPRegen  0.25/turn              G - ring of protection from fire
MPRegen  0.14/turn              B - +3 ring of protection

@: heroism, very quick
A: large, hooves 3, clever 1, deformed body, deterioration 1, speed 2, tough
skin 3
a: Heroism, Renounce Religion


You were on level 9 of the Dungeon.
You worshipped Okawaru.
Okawaru was greatly pleased with you.
You were full.

You visited 2 branches of the dungeon, and saw 11 of its levels.
You also visited: Ossuary.

You collected 810 gold pieces.
You spent 130 gold pieces at shops.

Inventory:

Hand Weapons
 a - a +1 shortbow (weapon)
 b - a +2 short sword of venom
 o - a +0 short sword
Missiles
 d - 148 arrows (quivered)
Armour
 c - a +0 leather armour
 h - a +2 chain mail of magic resistance (worn)
 s - a +0 cloak (worn)
Jewellery
 z - an uncursed amulet of rage
 B - a +3 ring of protection (right hand)
 G - a ring of protection from fire (left hand)
 P - an amulet of the gourmand (around neck)
Wands
 w - a wand of scattershot (4)
 F - a wand of acid (6)
 H - a wand of flame (28)
 M - a wand of iceblast (14)
 N - a wand of random effects (24)
Scrolls
 m - 5 scrolls of teleportation
 p - 3 scrolls of enchant weapon
 r - a scroll of enchant armour
 t - 2 scrolls of immolation
 u - 4 scrolls of fog
 x - a scroll of amnesia
 y - 2 scrolls of fear
 E - 3 scrolls of magic mapping
 J - a scroll of blinking
 O - 2 scrolls of remove curse
Potions
 e - 3 potions of lignification
 j - 5 potions of curing
 k - 8 potions of brilliance
 l - 5 potions of haste
 n - 4 potions of cancellation
 A - 2 potions of flight {unknown}
 C - 3 potions of degeneration {unknown}
 D - a potion of invisibility {unknown}
 I - a potion of might {unknown}
 L - 2 potions of berserk rage {unknown}
Books
 K - a book of Misfortune

   Spells                             Type                      Level
   a - Confusing Touch                Hexes                        1
   b - Confuse                        Hexes                        3
   c - Gell's Gravitas                Translocation                3
   d - Petrify                        Transmutation/Earth          4
   e - Metabolic Englaciation         Hexes/Ice                    5
   f - Yara's Violent Unravelling     Hexes/Transmutation          5
 Q - a book of Cantrips

   Spells                             Type                      Level
   a - Confusing Touch                Hexes                        1
   b - Animate Skeleton               Necromancy                   1
   c - Summon Small Mammal            Summoning                    1
   d - Apportation                    Translocation                1
Comestibles
 f - 8 bread rations
 g - 4 royal jellies
 i - 7 meat rations
 q - 8 fruits


   Skills:
 + Level 7.5(12.5) Fighting
 + Level 6.4(11.4) Short Blades
 * Level 13.7(18.7) Bows
 + Level 5.4(10.4) Armour
 - Level 1.3(6.3) Dodging
 - Level 0.4(5.4) Stealth
 + Level 3.3 Translocations
 + Level 4.5 Invocations


You had 6 spell levels left.
You knew the following spells:

 Your Spells              Type           Power        Failure   Level  Hunger
a - Gell's Gravitas       Tloc           #.........   97%         3    ####...
b - Apportation           Tloc           #.....       71%         1    ##.....


Dungeon Overview and Level Annotations

Branches:
Dungeon (10/15)            Temple (1/1) D:5            Lair (0/6) D:9
    Orc: D:9-12

Altars:
Ashenzari
Cheibriados
Dithmenos
Elyvilon
Fedhas
Gozag
Hepliaklqana
Kikubaaqudgha
Makhleb
Nemelex Xobeh
Okawaru
Qazlal
Ru
Sif Muna
Trog
Uskayaw
Vehumet
Wu Jian
Xom
Yredelemnul
Zin
The Shining One

Shops:
D:9 *

Portals:
Trove: D:10 (give 19 scrolls of identify)

Annotations:
D:6 anet's ghost, novice DEWz
D:10 Joseph


Innate Abilities, Weirdness & Mutations

You have hooves in place of feet.
Armour fits poorly on your strangely shaped body.
You cover ground very quickly.
You have extremely tough skin. (AC +3)
Your mind is acute. (Int +2)
Your body sometimes deteriorates upon taking damage.


Message History

Firing (i - inventory):
d - 150 arrows (quivered)
Press: ? - help, Shift-Dir - straight line, f/p - Joseph
Aim: Joseph, wielding a hunting sling and wearing a glowing ring mail (moderately wounded)
You shoot an arrow. The arrow closely misses Joseph.
Joseph shoots a sling bullet.
The sling bullet closely misses you.
Firing (i - inventory):
d - 149 arrows (quivered)
Press: ? - help, Shift-Dir - straight line, f/p - Joseph
Aim: Joseph, wielding a hunting sling and wearing a glowing ring mail (moderately wounded)
You shoot an arrow. The arrow hits Joseph!
Joseph is heavily wounded.
The cyclops shouts!
The cyclops throws a large rock.
The large rock hits you.
* * * LOW HITPOINT WARNING * * *
You see here a large rock.
There is a stone staircase leading up, spattered with blood here.
The cyclops barely misses you.
You climb upwards.
There is a stone staircase leading down here.
The cyclops throws a large rock.
The large rock hits you!!
You die...

.#######...........####
.#.....'..............#
.#.....#..........#'#.#
.#.....#..........+∩'.#
.'.....#..........#'###
.#.....#............#
##.....##..........##
#......[#..##......#
#......<#.......@..#
#......)#.......[>.#
#.).....#........C.#
#.##....#..........#
#.##....##.........#
....>....#.........#
.........#.........#
.........'.........#
.........#.........#


You could see a cyclops.

Vanquished Creatures
  The ghost of Roxy the Basher, a journeyman DsMo of Okawaru (D:10)
  Erica (D:8)
  The ghost of braks the Spear-Bearer, a novice CeMo of Ru (D:9)
  Nergalle (D:10)
  A hippogriff (D:7)
  A vampire (D:9)
  2 vampire mosquitoes (D:10)
  2 hell hounds (D:9)
  Duvessa (D:5)
  A sky beast (D:9)
  6 orc warriors
  An ice beast (D:9)
  A necrophage (D:10)
  3 phantoms
  7 ogres
  An eye of draining (D:10)
  3 centaurs
  3 big kobolds
  A gnoll sergeant (D:6)
  4 bullfrogs
  Dowan (D:5)
  A scorpion (D:6)
  6 killer bees
  4 wights (D:7)
  A howler monkey (D:4)
  3 jellies
  5 crimson imps
  A quasit (D:8)
  7 orc priests
  5 hounds
  2 bullfrog skeletons
  A centaur skeleton (D:7)
  Crazy Yiuf (D:5)
  6 iguanas
  4 orc wizards
  8 worker ants
  A hound skeleton (D:8)
  8 mummies (Ossuary)
  3 gnolls
  12 adders
  2 shadow imps
  An ooze (D:7)
  3 adder skeletons
  2 worms (D:3)
  A dart slug (D:3)
  7 leopard geckos
  38 orcs
  5 giant cockroaches
  8 goblins
  7 hobgoblins
  9 jackals
  29 kobolds
  4 quokkas
  8 bats
  4 frilled lizards
  A gnoll zombie (Ossuary)
  A hobgoblin zombie (Ossuary)
  2 jackal skeletons
  2 kobold zombies (Ossuary)
  4 orc zombies (Ossuary)
  A quokka zombie (D:10)
  6 rats
  A bush (D:5)
268 creatures vanquished.

Vanquished Creatures (others)
  A quokka (D:9)
1 creature vanquished.

Grand Total: 269 creatures vanquished

Notes
Turn   | Place    | Note
-------+----------+-------------------------------------------
     0 | D:1      | tof the Centaur Hunter began the quest for the Orb.
     0 | D:1      | Reached XP level 1. HP: 17/17 MP: 1/1
   292 | D:1      | Reached XP level 2. HP: 16/24 MP: 2/2
  1204 | D:2      | Reached skill level 1 in Short Blades
  1204 | D:2      | Reached XP level 3. HP: 30/30 MP: 3/3
  1214 | D:2      | Reached skill level 6 in Bows
  1436 | D:2      | Reached skill level 1 in Armour
  1508 | D:2      | Reached XP level 4. HP: 37/37 MP: 4/4
  2406 | D:3      | Reached XP level 5. HP: 41/44 MP: 5/5
  2695 | D:3      | Found a blossoming altar of Fedhas.
  2892 | D:3      | Reached skill level 7 in Bows
  3235 | D:4      | Noticed an ogre
  3296 | D:4      | Killed an ogre
  3296 | D:4      | Reached XP level 6. HP: 51/51 MP: 6/6
  3819 | D:4      | Reached skill level 8 in Bows
  4178 | D:4      | Reached XP level 7. HP: 37/58 MP: 7/7
  4636 | D:5      | Entered Level 5 of the Dungeon
  4660 | D:5      | Found a burning altar of Makhleb.
  4672 | D:5      | Found a radiant altar of Vehumet.
  4684 | D:5      | Found a staircase to the Ecumenical Temple.
  4694 | Temple   | Entered the Ecumenical Temple
  4859 | Temple   | Became a worshipper of Warmaster Okawaru
  4929 | D:5      | Noticed Dowan
  4929 | D:5      | Noticed Duvessa
  4949 | D:5      | Killed Duvessa
  4973 | D:5      | Killed Dowan
  5560 | D:5      | Reached skill level 9 in Bows
  5841 | D:5      | Found a runed door.
  5846 | D:5      | Noticed Crazy Yiuf
  5888 | D:5      | Killed Crazy Yiuf
  5970 | D:6      | Found a sand-covered staircase.
  5988 | Ossuary  | Entered an ossuary
  6067 | Ossuary  | Reached XP level 8. HP: 67/67 MP: 8/8
  6439 | D:6      | Reached * piety under Okawaru
  6479 | D:6      | Reached skill level 10 in Bows
  6953 | D:6      | Reached skill level 5 in Fighting
  7045 | D:6      | Noticed anet's ghost (novice DEWz)
  7385 | D:6      | Reached ** piety under Okawaru
  7722 | D:6      | Reached XP level 9. HP: 55/74 MP: 9/9
  7878 | D:7      | Reached skill level 11 in Bows
  8482 | D:7      | Reached skill level 5 in Short Blades
  8918 | D:7      | Reached skill level 1 in Invocations
  9032 | D:8      | Reached skill level 12 in Bows
  9063 | D:8      | Found a shattered altar of Ashenzari.
  9309 | D:8      | Reached *** piety under Okawaru
  9709 | D:8      | Learned a level 3 spell: Gell's Gravitas
  9713 | D:8      | Noticed Erica
  9766 | D:8      | Killed Erica
  9766 | D:8      | Received a gift from Okawaru
  9766 | D:8      | Reached skill level 1 in Translocations
  9766 | D:8      | Reached XP level 10. HP: 76/84 MP: 11/11
  9951 | D:8      | Found a radiant altar of Vehumet.
 10299 | D:9      | Noticed braks's ghost (novice CeMo)
 10619 | D:9      | Found Zashouch's General Store.
 10622 | D:9      | Bought a potion of haste for 130 gold pieces
 10848 | D:9      | Found a staircase to the Lair.
 11714 | D:9      | Received a gift from Okawaru
 11759 | D:9      | Found a white marble altar of Elyvilon.
 12163 | D:9      | Killed braks's ghost
 12163 | D:9      | Reached skill level 13 in Bows
 12163 | D:9      | Reached skill level 5 in Armour
 12491 | D:9      | HP: 1/86 [something (8)]
 13877 | D:10     | Entered Level 10 of the Dungeon
 13877 | D:10     | Noticed Nergalle
 13896 | D:10     | Killed Nergalle
 13896 | D:10     | Received a gift from Okawaru
 14546 | D:10     | Learned a level 1 spell: Apportation
 14591 | D:10     | Noticed a cyclops
 14840 | D:10     | Found a portal to a secret trove of treasure.
 14964 | D:10     | Noticed Roxy's ghost (journeyman DsMo)
 15130 | D:10     | Killed Roxy's ghost
 15130 | D:10     | Reached **** piety under Okawaru
 15130 | D:10     | Reached XP level 11. HP: 44/92 MP: 14/14
 15412 | D:10     | Gained mutation: Your body sometimes deteriorates upon taking damage. [potion of mutation]
 15412 | D:10     | Gained mutation: Your mind is acute. (Int +2) [potion of mutation]
 15549 | D:10     | Noticed Joseph
 15617 | D:9      | Hit by a large rock thrown by a cyclops

Vault maps used:
D:1:      dpeg_arrival_castle, st_stairs_5
D:2:      kennysheep_generic_room_8
D:3:      nicolae_overflow_hidden_temple
D:4:      first_bread, serial_bayou_crossing
D:5:      kennysheep_mini, minmay_temple_entry_large_hall,
          makhleb_heckhound_becter, uniq_duvessa, uniq_crazy_yiuf_cottage
D:6:      mumra_celtic_spiral_tile, chequers_ossuary_entry_cave,
          grunt_ministairs_12
D:8:      evilmike_ruin_ashenzari, basic_altar, grunt_ministairs_1, uniq_erica
D:9:      elyvilon_altar_4, minmay_lair_entry_lava, serial_shops,
          nicolae_shop_behind_doors
D:10:     nicolae_trove_entry_diagonal, uniq_joseph, uniq_nergalle
Temple:   dpeg_five_rooms_temple
Ossuary:  ossuary_tomb_3

Skill      XL: |  1  2  3  4  5  6  7  8  9 10 |
---------------+-------------------------------+-----
Short Blades   | 1 2 3 4 5 6 |  6.4
Bows           | 6 7 8 9 10 12 13 | 13.7
Armour         | 1 2 3 4 5 |  5.4
Fighting       | 3 4 5 6 7 |  7.5
Invocations    | 2 4 |  4.5
Translocations | 1 3 |  3.3
Dodging        | |  1.3
Stealth        | |  0.4

Action                   |  1- 3 |  4- 6 |  7- 9 | 10-12 || total
-------------------------+-------+-------+-------+-------++-------
Melee: Short sword       |    90 |   156 |   479 |   402 ||  1127
       Kick              |    18 |    25 |   127 |   123 ||   293
       Punch             |       |       |       |     6 ||     6
 Fire: Shortbow          |    17 |    27 |   102 |   172 ||   318
Invok: Heroism           |       |       |       |     8 ||     8
  Use: Scroll            |       |     5 |     7 |     4 ||    16
       Potion            |       |       |       |     4 ||     4
  Eat: Chunk             |     1 |     7 |    14 |    21 ||    43
       Bread ration      |       |       |     1 |       ||     1
Armor: Leather armour    |    21 |       |       |       ||    21
       Chain mail        |    70 |   140 |   355 |   202 ||   767
Dodge: Dodged            |    35 |    30 |   132 |    63 ||   260

Table legend:
 A = Spawn XP
 B = Non-spawn XP
 C = Spawn XP percentage of total XP
 D = Spawn monster count
 E = Non-spawn monster count
 F = Spawn count percentage of total count
 G = Total turns spent on level
                    A         B        C        D         E        F      G
               +---------+---------+-------+---------+---------+-------+---------
         Total |       0 |   11632 |   0.0 |       0 |     267 |   0.0 | 15617
               +---------+---------+-------+---------+---------+-------+---------
           D:1 |       0 |      38 |   0.0 |       0 |      22 |   0.0 |  1202
           D:2 |       0 |      96 |   0.0 |       0 |      23 |   0.0 |   847
           D:3 |       0 |     141 |   0.0 |       0 |      31 |   0.0 |  1057
           D:4 |       0 |     584 |   0.0 |       0 |      12 |   0.0 |  1530
           D:5 |       0 |     498 |   0.0 |       0 |      14 |   0.0 |  1134
           D:6 |       0 |    1440 |   0.0 |       0 |      34 |   0.0 |  1542
           D:7 |       0 |    1408 |   0.0 |       0 |      32 |   0.0 |  1200
           D:8 |       0 |    1650 |   0.0 |       0 |      28 |   0.0 |  2692
           D:9 |       0 |    2482 |   0.0 |       0 |      29 |   0.0 |  2390
          D:10 |       0 |    3145 |   0.0 |       0 |      26 |   0.0 |  1513
       Ossuary |       0 |     150 |   0.0 |       0 |      16 |   0.0 |   311
               +---------+---------+-------+---------+---------+-------+---------
